 Dungeon Crawl Stone Soup version 0.31-a0-640-g39d97e5 (webtiles) character file.

Game seed: 14763748353755926891

19367 Rogue the Jinx (level 12, -1/55 HPs)
             Began as a Felid Shapeshifter on Aug 27, 2023.
             Was a High Priest of Okawaru.
             Slain by a red ugly thing (8 damage)
             ... on level 12 of the Dungeon.
             The game lasted 02:11:27 (13927 turns).

Rogue the Jinx (Felid Shapeshifter)                Turns: 13927, Time: 02:11:28

Health: -1/55      AC:  7    Str: 14    XL:     12   Next: 35%
Magic:  5/18       EV: 20    Int: 12    God:    Okawaru [*****.]
Gold:   200        SH:  0    Dex: 16    Spells: 7/18 levels left
                                        Lives:  0   Deaths: 4

rFire   . .          .
                       - Unarmed
rCold   + . .        (shield unavailable)
rNeg    . . .        (body armour unavailable)
rPois   .            (helmet unavailable)
rElec   .            (cloak unavailable)
rCorr   .            (gloves unavailable)
SInv    +            (boots unavailable)
Will    +....        (no amulet)
Stlth   ++++         w - +4 ring of protection
HPRegen 0.29/turn    x - ring of wizardry
MPRegen 0.16/turn

%: wizardry (x1)
@: beast-form, quick
A: beast (slay +4), very small, claws 1, fangs 3, see invisible, speed 1, shaggy
fur 3, stealthy paws, no weapons or thrown items, no armour, multi-lived
a: Begin Untransformation, Renounce Religion, Heroism, Finesse, Duel


You were on level 12 of the Dungeon.
You worshipped Okawaru.
Okawaru was extremely pleased with you.
You were a hulking beast.
You visited 2 branches of the dungeon, and saw 14 of its levels.

You collected 770 gold pieces.
You spent 570 gold pieces at shops.

Inventory:

Jewellery
 l - a ring of flight
 w - a +4 ring of protection (left paw)
 x - a ring of wizardry (right paw)
 y - a +6 ring of dexterity
 A - the ring of Pacynt {rC+ Will+}
   (You took it off a deep elf pyromancer on level 9 of the Dungeon)

   [ring of protection from cold]

   rC+:       It protects you from cold.
   Will+:     It increases your willpower.
Talismans
 b - a beast talisman (active)
 c - a flux talisman
 m - a blade talisman
 r - a serpent talisman
Wands
 p - a wand of iceblast (1)
Scrolls
 e - a scroll of teleportation
 g - a scroll of noise
 h - a scroll of fog {unknown}
 j - 3 scrolls of revelation
 o - a scroll of enchant weapon {unknown}
 q - a scroll of amnesia {unknown}
 t - a scroll of poison
 u - 3 scrolls of blinking
 v - a scroll of silence {unknown}
Potions
 a - 2 potions of enlightenment
 d - 2 potions of mutation
 f - 3 potions of cancellation
 i - a potion of brilliance
 k - a potion of magic
 n - 2 potions of lignification
 s - a potion of might
 z - a potion of heal wounds
 B - a potion of attraction
 C - a potion of ambrosia


   Skills:
 * Level 7.7 Fighting
 + Level 6.5 Dodging
 + Level 8.4 Stealth
 + Level 8.9 Unarmed Combat
 + Level 3.9 Spellcasting
 * Level 5.3 Conjurations
 + Level 10.2 Hexes
 + Level 1.6 Necromancy
 + Level 2.1 Ice Magic
 + Level 1.2 Air Magic
 + Level 1.3 Poison Magic
 * Level 7.5 Invocations
 + Level 1.2 Evocations
 * Level 8.5 Shapeshifting


You had 7 spell levels left.
You knew the following spells:

 Your Spells              Type           Power      Damage    Failure   Level
a - Ensorcelled Hibernat  Hex/Ice        34%        N/A       1%          2
b - Anguish               Hex/Necr       8%         N/A       8%          4
c - Mephitic Cloud        Conj/Pois/Air  8%         N/A       9%          3
d - Wereblood             Tmut           2%         N/A       13%         2

Your spell library contained the following spells:

 Spells                   Type           Power      Damage    Failure   Level
 Magic Dart               Conj           60%        1d6       1%          1
 Blink                    Tloc           4%         N/A       14%         2
 Ignite Poison            Fire/Tmut/Pois 3%         N/A       22%         3
 Sticky Flame             Conj/Fire      8%         2d3       28%         4
 Irradiate                Conj/Tmut      4%         3d13      58%         5
 Manifold Assault         Tloc           2%         N/A       63%         4
 Ignition                 Fire           1%         3d3       100%        8
 Call Imp                 Summ           Unusable   N/A       N/A         2

Dungeon Overview and Level Annotations

Branches:
Dungeon (13/15)            Temple (1/1) D:4            Lair (0/5) D:9
    Orc: D:9-12      Vaults: D:13-14

Altars:
Ashenzari
Cheibriados
Dithmenos
Elyvilon
Fedhas
Gozag
Hepliaklqana
Kikubaaqudgha
Makhleb
Nemelex Xobeh
Okawaru
Qazlal
Ru
Sif Muna
Trog
Uskayaw
Vehumet
Wu Jian
Xom
Yredelemnul
Zin
The Shining One

Shops:
D:1 ((   D:8 =   D:9 !   D:10 (

Annotations:
D:12 exclusion: kobold demonologist, Frances
D:13 exclusions: obsidian statue and orange crystal statue


Innate Abilities, Weirdness & Mutations

You are a hulking beast.
Your limbs bulge with bestial killing power. (Slay +4)
You have sharp claws.
You have razor-sharp teeth.
You have supernaturally acute eyesight. (SInv)
You cover ground quickly. (Speed+)
Your thick and shaggy fur keeps you warm. (AC +3, rC+)
Your paws help you pounce on unaware monsters.
You are incapable of wielding weapons or throwing items.
You cannot wear armour.
You gain extra lives every three experience levels.


Message History

Casting: Mephitic Cloud (dangerous; 9% risk of failure)
Confirm with . or Enter, or press ? or * to list all spells.
Aiming: Mephitic Cloud (dangerous; 9% risk of failure)
Press: ? - help, Shift-Dir - straight line, f/p - red ugly thing
Aim: a red ugly thing (lightly wounded, chance to affect: 43%)
The ball explodes into a vile cloud!
The stinking cloud engulfs the red ugly thing but does no damage.
The red ugly thing is lightly wounded.
The red ugly thing is engulfed in noxious fumes.
The red ugly thing appears confused.
The red ugly thing is engulfed in noxious fumes.
Frances is engulfed in noxious fumes.
Frances appears confused.
The red ugly thing closely misses you.
The red ugly thing stings itself!
You scratch the red ugly thing.
The red ugly thing is moderately wounded.
Frances is engulfed in noxious fumes.
Frances appears confused.
You claw the red ugly thing! You claw the red ugly thing.
You bite the red ugly thing.
The red ugly thing is severely wounded.
Frances hits herself with a +0 war axe!
The red ugly thing stings you!
You are engulfed in flames!!
You scratch the red ugly thing. You bite the red ugly thing.
The red ugly thing is almost dead.
The red ugly thing completely misses Frances.
You barely miss the red ugly thing.
The red ugly thing is almost dead.
The red ugly thing seems less confused.
Frances closely misses the red ugly thing.
You barely miss the red ugly thing.
The red ugly thing is almost dead.
The red ugly thing stings you.
You are engulfed in flames!!
* * * LOW HITPOINT WARNING * * *
Unknown command.
There is a stone staircase leading up here.
The red ugly thing attacks as it pursues you!
The red ugly thing misses you.
Frances seems less confused.
The red ugly thing attacks as it pursues you!
The red ugly thing stings you!
You die...

#.# #.####### #.#
#.......# #.#
#######.# #.# #.# #.#
#.# #.# ##.##
#.#########...####.##
...........#<.......
###.##..##uh.####.##
.......<......###.#
###.##..@.........#
#.......####.#####
#..####.# #.# #. #.#
#.# #..####.#
##.##### #.....(.#
#......# ........#
#..###.#.......


You could see Frances and a red ugly thing.

Vanquished Creatures
  Fannar (D:11)
  Josephine (D:11)
  3 centaur warriors
  2 two-headed ogres (D:9)
  2 boulder beetles
  A tengu warrior (D:9)
  A deep elf pyromancer (D:9)
  An ugly thing (D:12)
  2 cyclopes
  Maurice (D:9)
  An elephant (D:9)
  Maggie (D:7)
  Psyche (D:9)
  An unseen horror (D:8)
  2 efreet (D:9)
  A troll (D:11)
  Grinder (D:4)
  2 hornets (D:9)
  2 shadows
  3 wraiths
  7 yaks
  A basilisk (D:9)
  4 wyverns
  A steam dragon (D:9)
  7 vampire mosquitoes
  An acid dragon (D:10)
  3 water moccasins
  A black bear (D:9)
  3 orc warriors
  3 sky beasts
  An ogre (D:6)
  12 centaurs
  2 phantoms
  3 kobold brigands
  3 bullfrogs
  A gnoll sergeant (D:8)
  3 scorpions
  4 wights
  10 killer bees
  2 electric eels (D:5)
  A jelly (D:5)
  8 howler monkeys
  10 hounds
  A gnoll bouda (D:9)
  5 orc priests
  Jessica (D:3)
  5 iguanas
  9 orc wizards
  2 sleepcaps
  Robin (D:2)
  9 gnolls
  5 adders
  A shadow imp (D:6)
  A white imp (D:5)
  An ufetubus (D:6)
  2 dart slugs (D:1)
  16 orcs
  6 endoplasms
  18 goblins
  10 hobgoblins
  2 jackals (D:1)
  19 kobolds
  4 ball pythons
  5 bats
  2 frilled lizards
  A rat (D:1)
247 creatures vanquished.

Vanquished Creatures (others)
  A manticore (D:9)
  A yak (D:11)
  2 wraiths (D:11)
  4 electric eels (D:5)
8 creatures vanquished.

Grand Total: 255 creatures vanquished

Notes
Turn   | Place    | Note
-------+----------+-------------------------------------------
     0 | D:1      | Rogue the Felid Shapeshifter began the quest for the Orb.
     0 | D:1      | Reached XP level 1. HP: 9/9 MP: 2/2
    20 | D:1      | Found Piotoeth's Weapon Boutique.
   122 | D:1      | Reached XP level 2. HP: 12/12 MP: 3/3
   326 | D:1      | Found Utegg's Weapon Shoppe.
   678 | D:2      | Noticed a phantom
   938 | D:2      | Noticed Robin
   977 | D:2      | Reached XP level 3. HP: 15/15 MP: 4/4
  1023 | D:1      | Learned a level 2 spell: Ensorcelled Hibernation
  1454 | D:3      | Reached skill level 1 in Hexes
  1454 | D:3      | Reached XP level 4. HP: 12/19 MP: 5/5
  1491 | D:3      | Found a hide-covered altar of Uskayaw.
  1731 | D:3      | Noticed Jessica
  1980 | D:3      | Found a faded altar of an unknown god.
  2338 | D:4      | Found a staircase to the Ecumenical Temple.
  2347 | Temple   | Entered the Ecumenical Temple
  2387 | Temple   | Became a worshipper of Warmaster Okawaru
  2530 | D:4      | Found a sparkling altar of Nemelex Xobeh.
  2634 | D:4      | Noticed a scorpion
  2676 | D:4      | Noticed Grinder
  2741 | D:4      | Reached skill level 1 in Stealth
  2741 | D:4      | Reached XP level 5. HP: 22/22 MP: 6/6
  2753 | D:4      | Slain by a scorpion
  2763 | D:4      | Reached skill level 2 in Hexes
  2763 | D:4      | Reached skill level 1 in Invocations
  2872 | D:4      | Reached * piety under Okawaru
  3061 | D:4      | Gained mutation: You are covered in thick fur. (AC +2)
                  | [Felid growth]
  3061 | D:4      | Reached XP level 6. HP: 12/26 MP: 7/7
  3202 | D:4      | Reached skill level 3 in Hexes
  3421 | D:3      | Killed Jessica
  3543 | D:2      | Killed Robin
  3655 | D:5      | Entered Level 5 of the Dungeon
  3659 | D:5      | Found a stormy altar of Qazlal.
  3659 | D:5      | Noticed a sky beast
  3668 | D:5      | Killed a sky beast
  3669 | D:5      | Reached XP level 7. HP: 30/30 MP: 9/9
  3716 | D:5      | Reached skill level 5 in Unarmed Combat
  3716 | D:5      | Reached skill level 4 in Hexes
  3796 | D:5      | Reached skill level 5 in Shapeshifting
  4020 | D:5      | Noticed a wyvern
  4026 | D:5      | Killed a wyvern
  4085 | D:5      | Found a glowing silver altar of Zin.
  4101 | D:5      | Splashed by a jelly's acid
  4124 | D:5      | Reached XP level 8. HP: 34/34 MP: 7/11
  4811 | D:6      | Reached skill level 5 in Hexes
  5325 | D:6      | Reached skill level 5 in Dodging
  5701 | D:6      | Reached XP level 9. HP: 39/39 MP: 6/13
  5750 | D:6      | Reached ** piety under Okawaru
  5751 | D:6      | Reached skill level 6 in Hexes
  6227 | D:7      | Noticed Maggie
  6374 | D:7      | Killed Maggie
  6375 | D:7      | Reached skill level 1 in Spellcasting
  6378 | D:7      | Reached skill level 5 in Stealth
  6385 | D:7      | Reached skill level 1 in Ice Magic
  6620 | D:7      | Reached skill level 5 in Invocations
  6863 | D:8      | Reached skill level 5 in Fighting
  6863 | D:8      | Reached skill level 7 in Hexes
  6872 | D:8      | Found Ewohueki's Jewellery Boutique.
  6987 | D:8      | Noticed an unseen horror
  6998 | D:8      | Killed an unseen horror
  6999 | D:8      | Reached XP level 10. HP: 27/44 MP: 11/15
  7283 | D:8      | Bought a ring of wizardry for 330 gold pieces
  7290 | D:8      | Learned a level 4 spell: Anguish
  7294 | D:8      | Learned a level 3 spell: Mephitic Cloud
  7297 | D:8      | Learned a level 2 spell: Wereblood
  7484 | D:8      | Reached skill level 1 in Conjurations
  7557 | D:8      | Reached *** piety under Okawaru
  7587 | D:8      | Identified the +0 helmet "Taseobi" {Int-4 Dex+2 Stlth+}
  7776 | D:8      | Found an ornate altar of the Wu Jian Council.
  7938 | D:9      | Noticed Psyche
  7955 | D:9      | Found a staircase to the Lair.
  7955 | D:9      | Noticed an elephant
  8046 | D:9      | Reached skill level 8 in Hexes
  8068 | D:9      | Noticed Maurice
  8077 | D:9      | Killed Maurice
  8271 | D:9      | Killed Psyche
  8464 | D:9      | Paralysed by a hornet for 3 turns
  8469 | D:9      | Slain by a hornet
  8585 | D:9      | Found Ageovim's Distillery.
  8618 | D:9      | Bought a potion of invisibility for 128 gold pieces
  8618 | D:9      | Bought a potion of curing for 48 gold pieces
  8798 | D:9      | Identified the ring of Pacynt {rC+ Will+}
  8798 | D:9      | Noticed a deep elf pyromancer
  8805 | D:9      | Reached **** piety under Okawaru
  8807 | D:9      | Killed a deep elf pyromancer
  8811 | D:9      | Noticed a two-headed ogre
  8984 | D:9      | Killed an elephant
  8989 | D:9      | Killed a two-headed ogre
  8990 | D:9      | Reached skill level 1 in Evocations
  9036 | D:9      | Reached XP level 11. HP: 35/49 MP: 0/16
  9187 | D:9      | Noticed a tengu warrior
  9191 | D:9      | Noticed a centaur warrior
  9199 | D:9      | Killed a centaur warrior
  9211 | D:9      | Noticed a two-headed ogre
  9533 | D:9      | Killed a two-headed ogre
  9534 | D:9      | Reached skill level 9 in Hexes
  9663 | D:9      | Noticed a skeletal warrior
  9735 | D:9      | Killed from afar by an efreet
  9905 | D:9      | Paralysed by a hornet for 2 turns
  9982 | D:9      | Killed a tengu warrior
 10066 | D:9      | Found the +2 hood of the Assassin {Detect Stab+ Stlth++}
 10211 | D:5      | HP: 1/49 [electric eel/bolt of electricity (16)]
 10226 | D:5      | Identified the +1 morningstar of Telling Woe {drain, rElec}
 10677 | D:4      | Killed Grinder
 10677 | D:4      | Reached ***** piety under Okawaru
 10755 | D:9      | Bought a potion of might for 64 gold pieces
 10764 | D:10     | Entered Level 10 of the Dungeon
 10835 | D:10     | Found a burning altar of Makhleb.
 10838 | D:10     | Found Kedijosch's Antique Weapon Boutique.
 10865 | D:10     | Reached skill level 1 in Necromancy
 11141 | D:10     | Noticed a centaur warrior
 11339 | D:10     | Noticed a boulder beetle
 11358 | D:10     | Killed a boulder beetle
 11359 | D:10     | Reached skill level 1 in Air Magic
 11736 | D:10     | Killed a centaur warrior
 11737 | D:10     | Reached skill level 1 in Poison Magic
 12057 | D:11     | Noticed a boulder beetle
 12152 | D:11     | Noticed Josephine
 12389 | D:11     | Reached skill level 5 in Conjurations
 12594 | D:11     | Noticed Fannar
 12663 | D:11     | Killed Josephine
 12664 | D:11     | Gained mutation: Your thick and shaggy fur keeps you warm.
                  | (AC +3, rC+) [Felid growth]
 12664 | D:11     | Reached XP level 12. HP: 49/54 MP: 6/18
 12858 | D:11     | Killed a boulder beetle
 12971 | D:11     | Killed Fannar
 12972 | D:11     | Reached skill level 10 in Hexes
 13304 | D:12     | You fall into a shaft and drop 1 floor!
 13347 | D:13     | Noticed a tengu warrior
 13347 | D:13     | Noticed a centaur warrior
 13349 | D:13     | Killed a centaur warrior
 13905 | D:12     | Noticed Frances
 13927 | D:12     | Slain by a red ugly thing

Illustrated notes

Levels and vault maps discovered:
D:1:      dpeg_arrival_arbitrary_c, layout_basic, serial_shops, shop, shop
D:2:      layout_rooms, nicolae_concentric_dashed_squares_wild, uniq_robin
D:3:      layout_loops_ring, nicolae_uskayaw_dance_hall,
          shapermc_ecumenical_altar_hornbeckon, minmay_misc_feat_room,
          hangedman_abyss_or_decor_lesser_grid, uniq_jessica
D:4:      layout_loops_cross, general_overflow_altar,
          minmay_temple_entry_large_hall, uniq_grinder
D:5:      cheibrodos_two_vegetables, layout_basic, zin_statuary,
          nicolae_qazlal_beasts_of_the_sky
D:6:      layout_basic, grunt_ministairs_15, minmay_ogre_servants
D:7:      layout_rooms, uniq_maggie
D:8:      layout_rooms, nicolae_wu_jian_immortal_techniques, serial_shops,
          nicolae_shop_crystal, hangedman_glass_teeth
D:9:      minmay_the_grid_triangle_9x9_rhombus_thin
          [minmay_the_grid_triangle_9x9_sparse_checkered,
          minmay_the_grid_triangle_9x9_prize_schism,
          minmay_the_grid_triangle_9x9_odd_lines,
          minmay_the_grid_triangle_9x9_negative_grid], layout_loops_ring,
          david_lair_generic, serial_shops, shop, serial_bayou_lagoon_a,
          uniq_psyche, uniq_maurice
D:10:     layout_roguey, bloody_makhleb, serial_shops, shop,
          nzn_sisyphean_effort
D:11:     layout_cave_pools, uniq_josephine, uniq_fannar
D:12:     layout_loops_ring, kennysheep_orc_monster_closet_entryway,
          uniq_frances
D:13:     hangedman_cross_cluster, layout_gridville, david_greed
Temple:   eino_temple_rhombus

Skill      XL: |  1  2  3  4  5  6  7  8  9 10 11 12 |
---------------+-------------------------------------+-----
Dodging        | 3 4 5 6 |  6.5
Shapeshifting  | 4 5 6 7 8 |  8.5
Hexes          | 1 2 3 4 5 7 8 9 10 | 10.2
Stealth        | 1 2 3 4 5 6 8 |  8.4
Fighting       | 2 3 4 5 6 7 |  7.7
Unarmed Combat | 4 5 6 7 8 |  8.9
Invocations    | 1 2 4 5 6 7 |  7.5
Spellcasting   | 1 2 3 |  3.9
Ice Magic      | 1 2 |  2.1
Conjurations   | 3 5 |  5.3
Evocations     | 1 |  1.2
Necromancy     | 1 |  1.6
Air Magic      | 1 |  1.2
Poison Magic   | 1 |  1.3

Action                     |  1- 3 |  4- 6 |  7- 9 | 10-12 || total
---------------------------+-------+-------+-------+-------++-------
  Melee: Unarmed           |    76 |    87 |   209 |   260 ||   632
         Punch             |     3 |     1 |     7 |    15 ||    26
         Bite              |     1 |    16 |    25 |    32 ||    74
   Cast: Ensorcelled Hiber |       |     1 |    17 |    65 ||    83
         Mephitic Cloud    |       |       |       |    40 ||    40
         Wereblood         |       |       |       |     3 ||     3
         Anguish           |       |       |       |    25 ||    25
 Invoke: Heroism           |       |     1 |    15 |    14 ||    30
  Evoke: Wand              |       |       |     1 |    19 ||    20
    Use: Scroll            |       |     6 |     1 |     6 ||    13
         Potion            |       |     3 |     1 |     4 ||     8
   Stab: Sleeping          |     2 |     5 |    19 |    32 ||    58
         Distracted        |       |       |     2 |     3 ||     5
         Confused          |       |       |       |    17 ||    17
 Armour: Skin              |     4 |     5 |    20 |    41 ||    70
  Dodge: Dodged            |    51 |    69 |   165 |   218 ||   503

Table legend: (Time is in decaauts)
 A = Elapsed time spent in this place.
 B = Non-inter-level travel time spent in this place.
 C = Inter-level travel time spent in this place.
 D = Time resting spent in this place.
 E = Time spent auto-exploring this place.
 F = Levels seen in this place.
 G = Mean time per level.
                   A        B        C        D        E       F      G
               +--------+--------+--------+--------+--------+-----+--------+
         Total |  12195 |  11049 |   1146 |   1139 |   6458 |  14 |  871.1 |
       Dungeon |  12157 |  11035 |   1122 |   1139 |   6458 |  13 |  935.2 |
        Temple |     38 |     14 |     24 |      0 |      0 |   1 |   38.0 |
               +--------+--------+--------+--------+--------+-----+--------+

Top non-repeatable levels by time:
     D:9: 1877 daAuts
     D:5: 1449 daAuts
    D:11: 1252 daAuts
     D:6: 1059 daAuts
    D:10: 1037 daAuts
     D:7: 1004 daAuts
     D:3: 940 daAuts
     D:8: 906 daAuts
     D:4: 856 daAuts
     D:1: 746 daAuts
     D:2: 549 daAuts
    D:12: 420 daAuts
    D:13: 56 daAuts
  Temple: 38 daAuts
